 Dungeon Crawl Stone Soup version 0.28-a0-664-gc179e30c89 (webtiles) character file.

Game seed: 2272198456114053498

98 bande the Covered (level 4, 0/29 HPs)
             Began as a Gargoyle Fighter on Oct 17, 2021.
             Constricted to death by a ball python (1 damage)
             ... on level 2 of the Dungeon.
             The game lasted 00:01:34 (1632 turns).

bande the Covered (Gargoyle Fighter)                Turns: 1632, Time: 00:01:35

Health: 0/29       AC: 10    Str: 20    XL:     4   Next: 71%
Magic:  4/4        EV:  6    Int:  9    God:
Gold:   52         SH:  4    Dex:  9    Spells: 3/3 levels left

rFire   . . .      SeeInvis .   a - +0 war axe
rCold   . . .      Faith    .   c - +0 buckler
rNeg    + . .      Spirit   .   b - +0 scale mail
rPois   ∞          Reflect  .   (no helmet)
rElec   +          Harm     .   (no cloak)
rCorr   .          Rampage  .   (no gloves)
Will    .....                   (no boots)
Stlth   ..........              (no amulet)
HPRegen 0.09/turn               (no ring)
MPRegen 0.09/turn               (no ring)

@: constricted
A: sickness immunity, AC +3, negative energy resistance 1, electricity
resistance, torment resistance 1, petrification resistance
a: no special abilities


You were on level 2 of the Dungeon.
You visited 1 branch of the dungeon, and saw 2 of its levels.

You collected 52 gold pieces.

Inventory:

Hand Weapons
 a - a +0 war axe (weapon)
Armour
 b - a +0 scale mail (worn)
 c - a +0 buckler (worn)
Scrolls
 f - a scroll of enchant armour {unknown}
Potions
 d - a potion of might
 e - 2 potions of curing {unknown}
 h - a potion of heal wounds {unknown}
 i - a potion of degeneration {unknown}


   Skills:
 + Level 3.8 Fighting
 + Level 3.1 Axes
 + Level 4.1 Armour
 + Level 3.7 Shields


You had 3 spell levels left.
You didn't know any spells.
Your spell library was empty.

Dungeon Overview and Level Annotations

Branches:
Dungeon (2/15)

Altars:

Annotations:
D:2 Natasha


Innate Abilities, Weirdness & Mutations

You are immune to sickness and miasma.
Your stone body is resilient. (AC +3)
You are immune to poison.
You resist negative energy. (rN+)
You are resistant to electric shocks. (rElec)
You are resistant to unholy torment.
You are immune to petrification.


Message History

You completely miss the ball python.
The ball python bites you but does no damage.
The ball python barely misses you.
The ball python bites you but does no damage.
The ball python misses you.
You closely miss the ball python. You hit the hobgoblin.
The hobgoblin hits you. The ball python barely misses you.
The ball python grabs you. The ball python constricts you.
The crimson imp blinks!
The hobgoblin hits you. The ball python bites you.
The ball python constricts you.
You closely miss the ball python. You closely miss Natasha.
You slash the hobgoblin!
You kill the hobgoblin!
Natasha zaps a wand.
The puff of flame hits you but does no damage.
The ball python bites you. The ball python constricts you.
The crimson imp blinks!
Natasha claws you but does no damage.
You barely miss the ball python. You closely miss Natasha.
You closely miss the kobold. The ball python completely misses you.
The ball python constricts you. The kobold hits you with a +0 whip.
Natasha claws you but does no damage.
The ball python bites you but does no damage.
The ball python constricts you. The kobold hits you but does no damage.
Unknown command.
You closely miss the ball python. You closely miss Natasha.
You barely miss the kobold.
The ball python bites you but does no damage.
The ball python constricts you.
The crimson imp blinks!
Natasha claws you!
* * * LOW HITPOINT WARNING * * *
The kobold closely misses you.
The ball python bites you but does no damage.
The ball python constricts you.
You closely miss the ball python. You barely miss Natasha.
You closely miss the kobold.
The crimson imp blinks!
Natasha zaps a wand.
The puff of flame hits you!
* * * LOW HITPOINT WARNING * * *
The kobold hits you but does no damage.
The ball python bites you but does no damage.
The ball python constricts you.
You die...

##P##....#....######...####...#.*
#P..###..#....# *####..#**#####.#
#...P#P###....# *.....>.,,,,,,*,#
♣[P≈.#.P##....# *.§5.....,,,*,*,*
_.≈≈..#.##....# *.........,,*,*,*
♣.≈≈.##.#.....# *........,,,*,*,*
#...P#P.P.###.# *.......,,,,*,*,*
#P..####..# #.###h§.....,,,,*,*,*
##P## #### #...@S......,,,,*,*,*
### #....K......,,,,*,*,*
#...........,,,,*,*,*
#...........,,,,,,*,*
#####.......,,,,***,*
*.......,,,,* *,, *.......,,,,*
*** *.......,,,,*
*****************************


You could see Natasha, a crimson imp (summoned), a ball python and a kobold.

Vanquished Creatures
  Jessica (D:2)
  Natasha (D:2)
  An adder (D:2)
  6 endoplasms
  4 giant cockroaches
  9 hobgoblins
  A kobold (D:1)
  5 ball pythons
  4 frilled lizards (D:1)
  4 rats
36 creatures vanquished.

Notes
Turn   | Place    | Note
-------+----------+-------------------------------------------
     0 | D:1      | bande the Gargoyle Fighter began the quest for the Orb.
     0 | D:1      | Reached XP level 1. HP: 14/14 MP: 1/1
   285 | D:1      | Reached XP level 2. HP: 19/19 MP: 2/2
   879 | D:1      | Reached XP level 3. HP: 20/23 MP: 3/3
  1308 | D:2      | Noticed Jessica
  1308 | D:2      | Noticed Natasha
  1317 | D:2      | Killed Natasha
  1318 | D:2      | Reached XP level 4. HP: 10/29 MP: 4/4
  1322 | D:2      | Killed Jessica
  1323 | D:2      | Reached skill level 4 in Armour
  1596 | D:2      | Found a faded altar of an unknown god.
  1624 | D:2      | Noticed Natasha
  1632 | D:2      | HP: 1/29 [Natasha/puff of flame (7)]
  1632 | D:2      | Constricted to death by a ball python

Illustrated notes

Levels and vault maps discovered:
D:1:      dpeg_arrival_tiny_b, layout_basic
D:2:      layout_basic, dreamdust_ecumenical_altar_hidden_monk_grotto,
          minmay_misc_feat_diagonals, uniq_jessica, uniq_crazy_yiuf_cottage,
          uniq_natasha

Skill      XL: |  1  2  3  4 |
---------------+-------------+-----
Axes           | 2 3 |  3.1
Armour         | 4 |  4.1
Fighting       | |  3.8
Shields        | |  3.7

Action                   |  1- 3 |  4- 6 || total
-------------------------+-------+-------++-------
Melee: War axe           |    95 |    16 ||   111
  Use: Scroll            |     4 |       ||     4
Armor: Scale mail        |    58 |    19 ||    77
Dodge: Dodged            |    46 |    14 ||    60
Block: Buckler           |    14 |     5 ||    19

Table legend: (Time is in decaauts)
 A = Elapsed time spent in this place.
 B = Non-inter-level travel time spent in this place.
 C = Inter-level travel time spent in this place.
 D = Time resting spent in this place.
 E = Time spent auto-exploring this place.
 F = Levels seen in this place.
 G = Mean time per level.
                   A        B        C        D        E       F      G
               +--------+--------+--------+--------+--------+-----+--------+
         Total |   1702 |   1702 |      0 |    212 |   1172 |   2 |  851.0 |
       Dungeon |   1702 |   1702 |      0 |    212 |   1172 |   2 |  851.0 |
               +--------+--------+--------+--------+--------+-----+--------+

Top non-repeatable levels by time:
     D:1: 1465 daAuts
     D:2: 236 daAuts
